 Dungeon Crawl Stone Soup version 0.25-a0-610-gd0df705f03 (webtiles) character file.

Game seed: 13760921310554403922, levelgen mode: deterministic

3533 Esekla the Slicer (level 9, 0/41 HPs)
             Began as a Spriggan Artificer on Mar 16, 2020.
             Succumbed to a kobold's poison
             ... on level 8 of the Dungeon.
             The game lasted 00:54:18 (9123 turns).

Esekla the Slicer (Spriggan Artificer)              Turns: 9123, Time: 00:54:21

Health: 0/41       AC:  7    Str:  8    XL:     9   Next: 82%
Magic:  0/19       EV: 26    Int: 15    God:
Gold:   325        SH:  0    Dex: 17    Spells: 20/20 levels left

rFire    + . .     SeeInvis +   A - +2 dagger (speed)
rCold    . . .     Gourm    .   (shield restricted)
rNeg     . . .     Faith    .   N - +2 robe {MR+}
rPois    .         Spirit   +   (helmet restricted)
rElec    .         Reflect  .   (no cloak)
rCorr    .         Harm     .   (gloves unavailable)
MR       ++...                  (boots unavailable)
Stlth    ++++......             y - amulet of guardian spirit
HPRegen  0.13/turn              a - ring of protection from fire
MPRegen  0.16/turn              z - ring of flight

@: lethally poisoned (0 -> -9), very quick
A: very small, unfitting armour, rugged brown scales 1, yellow scales 1, see
invisible, herbivore, speed 3, slow metabolism 2
a: Evoke Flight


You were on level 8 of the Dungeon.
You were not hungry.

You visited 2 branches of the dungeon, and saw 9 of its levels.
You also visited: Sewer.

You collected 325 gold pieces.

Inventory:

Hand Weapons
 l - a +2 short sword of draining
 t - a +1 long sword of flaming
 v - a +0 falchion
 A - a +2 dagger of speed (weapon)
Missiles
 s - 47 poisoned darts (quivered)
Armour
 u - +0 acid dragon scales
 K - the +0 robe of Claustrophobia {Stlth+}
   (You found it on level 4 of the Dungeon)

   It makes you more stealthy.
 N - a +2 robe of magic resistance (worn)
Jewellery
 a - a ring of protection from fire (left hand)
 y - an amulet of guardian spirit (around neck)
 z - a ring of flight (right hand)
 I - an uncursed ring of ice {unknown}
Wands
 b - a wand of paralysis (6)
 c - a wand of flame (15)
 e - a wand of random effects (10)
 h - a wand of enslavement (8)
 D - a wand of scattershot (2)
 Q - a wand of digging (4)
Scrolls
 d - a scroll of immolation {unknown}
 g - 3 scrolls of remove curse
 i - 3 scrolls of magic mapping
 j - 2 scrolls of teleportation
 p - 2 scrolls of fear {unknown}
 q - 3 scrolls of enchant armour
 w - a scroll of amnesia {unknown}
 G - a scroll of noise {unknown}
 H - 2 scrolls of blinking {unknown}
 J - 2 scrolls of fog {unknown}
Potions
 k - 3 potions of might {unknown}
 m - 3 potions of stabbing
 n - 5 potions of heal wounds
 o - 2 potions of mutation
 r - 5 potions of flight
 x - 5 potions of curing
 E - a potion of resistance {unknown}
 F - a potion of invisibility {unknown}
 L - a potion of haste {unknown}
 P - 2 potions of brilliance
Comestibles
 f - 14 rations


   Skills:
 - Level 0.7 Fighting
 * Level 10.4 Short Blades
 + Level 2.6 Throwing
 * Level 10.0 Dodging
 + Level 7.9 Stealth
 * Level 6.2 Spellcasting
 - Level 4.0 Evocations


You had 20 spell levels left.
You didn't know any spells.
Your spell library was empty.

Dungeon Overview and Level Annotations

Branches:
Dungeon (8/15)             Temple (1/1) D:6           Sewer (visited)
   Lair: D:8-11

Altars:
Ashenzari
Cheibriados
Dithmenos
Elyvilon
Fedhas
Gozag
Hepliaklqana
Kikubaaqudgha
Makhleb
Nemelex Xobeh
Okawaru
Ru
Sif Muna
Trog
Uskayaw
Vehumet
Wu Jian
Xom
Yredelemnul
Zin
The Shining One


Innate Abilities, Weirdness & Mutations

You are very small and have problems with some larger weapons.
You are too small for most types of armour.
You have supernaturally acute eyesight. (SInv)
You are a herbivore.
You cover ground extremely quickly.
You need to consume almost no food.
You are partially covered in rugged brown scales. (AC +1, +3% HP)
You are partially covered in yellow scales. (AC +2)


Message History

You throw a poisoned dart.
The poisoned dart closely misses the kobold.
The poisoned dart misses the kobold.
The big kobold zaps a wand.
The mass of ice explodes!
The iceblast engulfs you!!
The kobold throws a poisoned dart.
The poisoned dart hits you!
You are lethally poisoned!
* * * LOW HITPOINT WARNING * * *
You feel sick.
* * * LOW HITPOINT WARNING * * *
You feel sick.
* * * LOW HITPOINT WARNING * * *
You feel sick.
There is a stone staircase leading down here.
* * * LOW HITPOINT WARNING * * *
You feel sick.
The big kobold zaps a wand.
The mass of ice explodes!
The iceblast engulfs you!!
* * * LOW HITPOINT WARNING * * *
You climb downwards.
An iguana, a water moccasin, a worker ant and a centaur come into view.
You die...

####### ##
##.....#...
##...c......
#...........
#...........
#...@.......
#S..l.......
#...........
#...........
##.........a
##.....#..>
#######...
..


You could see a water moccasin (sleeping), a centaur (sleeping), an iguana
(sleeping) and a worker ant (sleeping).

Vanquished Creatures
  Joseph (D:7)
  Maggie (D:7)
  Sigmund (D:5)
  Edmund (D:5)
  Menkaure (D:5)
  A sky beast (D:5)
  An ice beast (D:6)
  2 ogres
  2 phantoms
  4 centaurs
  3 bullfrogs (D:6)
  A big kobold (Sewer)
  3 scorpions
  5 wights (D:7)
  A howler monkey (D:6)
  2 crimson imps
  3 hounds
  A jelly (D:6)
  A bullfrog skeleton (D:5)
  3 bullfrog zombies
  4 orc priests
  4 orc wizards
  A centaur skeleton (D:4)
  Natasha (thrice) (D:2)
  7 worker ants
  A worker ant zombie (D:5)
  3 gnolls (D:3)
  6 adders
  5 worms
  2 dart slugs
  7 leopard geckos
  18 orcs
  7 giant cockroaches
  6 goblins
  12 hobgoblins
  5 jackals
  5 quokkas
  A ball python (D:2)
  8 bats
  4 frilled lizards
  16 kobolds
  A leopard gecko skeleton (D:5)
  9 rats
173 creatures vanquished.

Notes
Turn   | Place    | Note
-------+----------+-------------------------------------------
     0 | D:1      | Esekla the Spriggan Artificer began the quest for the Orb.
     0 | D:1      | Reached XP level 1. HP: 9/9 MP: 4/4
   357 | D:2      | Reached XP level 2. HP: 14/14 MP: 6/6
   531 | D:2      | Reached skill level 1 in Spellcasting
   679 | D:3      | Found a hide-covered altar of Uskayaw.
   719 | D:3      | Reached XP level 3. HP: 17/17 MP: 7/7
   755 | D:3      | Found a hazy altar of Hepliaklqana.
   772 | D:3      | Reached XP level 4. HP: 21/21 MP: 8/8
   882 | D:3      | Found a sparkling altar of Nemelex Xobeh.
  1422 | D:4      | Reached XP level 5. HP: 25/25 MP: 9/9
  1597 | D:5      | Entered Level 5 of the Dungeon
  1618 | D:5      | Found a glowing drain.
  1658 | D:5      | Noticed a centaur
  1675 | D:5      | Killed a centaur
  1925 | Sewer    | Entered a sewer
  1941 | Sewer    | Gained mutation: You are partially covered in rugged brown
                  | scales. (AC +1, +3% HP) [potion of mutation]
  1941 | Sewer    | Gained mutation: You are partially covered in yellow
                  | scales. (AC +2) [potion of mutation]
  1984 | Sewer    | Reached XP level 6. HP: 29/29 MP: 11/11
  2129 | Sewer    | Found a white marble altar of Elyvilon.
  2319 | D:5      | Reached skill level 5 in Dodging
  3031 | D:2      | Noticed Natasha
  3044 | D:2      | Killed Natasha
  3044 | D:2      | Reached skill level 5 in Short Blades
  3072 | D:2      | Found an ornate altar of the Wu Jian Council.
  3121 | D:2      | Noticed Natasha
  3129 | D:2      | Killed Natasha
  3163 | D:2      | Reached skill level 1 in Throwing
  3164 | D:2      | Noticed Natasha
  3177 | D:2      | Killed Natasha
  3753 | D:2      | Reached XP level 7. HP: 27/32 MP: 13/13
  4250 | D:4      | Reached skill level 5 in Stealth
  4483 | D:4      | Got a creamy pearl robe
  4494 | D:4      | Identified the cursed +0 robe of Claustrophobia {Stlth+}
                  | (You found it on level 4 of the Dungeon)
  4788 | D:5      | Noticed Menkaure
  4938 | D:5      | Noticed Sigmund
  5165 | D:5      | Killed Sigmund
  5248 | D:6      | Identified the +3 leather armour of the Gloaming {rElec
                  | rPois Dex-4 SInv}
  5248 | D:6      | Noticed Edmund
  5259 | D:6      | Reached XP level 8. HP: 31/38 MP: 12/15
  5300 | D:5      | Killed Edmund
  5763 | D:6      | Found a glowing golden altar of the Shining One.
  5824 | D:6      | Found an iron altar of Okawaru.
  6107 | D:6      | Found a staircase to the Ecumenical Temple.
  6135 | Temple   | Entered the Ecumenical Temple
  6373 | D:6      | Found a basalt altar of Yredelemnul.
  6585 | D:6      | Reached skill level 5 in Spellcasting
  6824 | D:6      | Reached XP level 9. HP: 36/41 MP: 15/17
  6840 | D:6      | Found a shadowy altar of Dithmenos.
  7631 | D:5      | Killed Menkaure
  8660 | D:7      | Noticed Joseph
  8660 | D:7      | Noticed Maggie
  8710 | D:7      | Killed Maggie
  8774 | D:7      | Reached skill level 10 in Short Blades
  8794 | D:7      | Killed Joseph
  8895 | D:7      | Identified the +6 battleaxe of the Vase {protect, +Fly
                  | rPois Int+3}
  9067 | D:7      | Reached skill level 10 in Dodging
  9122 | D:7      | HP: 1/41 [big kobold/iceblast (9)]
  9123 | D:8      | Succumbed to a kobold's poison

Levels and vault maps discovered:
D:1:      minmay_arrival_widening_spiral_wide, layout_basic
D:2:      layout_loops_cross, marbit_many_paths, uniq_natasha
D:3:      minmay_wonky_spiral, layout_basic, lemuel_crystal_altar,
          nemelex_xobeh_ov_fountains_minmay, eat_drink_and_be_merry_uskayaw,
          chequers_serial_rivers_small_b, st_stairs_6
D:4:      layout_basic
D:5:      layout_layer_cave, first_ration, portal_sewer_entry_f, uniq_sigmund,
          uniq_menkaure
D:6:      layout_loops_ring, overflow_temple_1_default, okawaru_metal_pillars_3,
          minmay_temple_entry_hall, basic_altar, st_stairs_12,
          yredelemnul_altar_generic, uniq_edmund
D:7:      layout_cave_pools, minmay_statues_item, the_bakery, fedhas_altar_4,
          uniq_joseph, uniq_maggie
D:8:      layout_rooms
Temple:   regret_index_temple_generic_petals

Skill      XL: |  1  2  3  4  5  6  7  8  9 |
---------------+----------------------------+-----
Stealth        | 2 3 4 5 6 7 |  7.9
Spellcasting   | 1 2 3 4 5 6 |  6.2
Short Blades   | 2 3 4 5 6 8 10 | 10.4
Dodging        | 4 5 6 8 10 | 10.0
Throwing       | 1 2 |  2.6
Fighting       | |  0.7
Evocations     | |  4.0

Action                   |  1- 3 |  4- 6 |  7- 9 || total
-------------------------+-------+-------+-------++-------
Melee: Short sword       |    79 |   166 |   202 ||   447
       Dagger            |       |    54 |   598 ||   652
Throw: Dart              |       |    29 |    30 ||    59
 Abil: Stop Flying       |       |     1 |       ||     1
       Evoke Flight      |       |     1 |       ||     1
Evoke: Wand              |       |       |     8 ||     8
  Use: Scroll            |     3 |     6 |     4 ||    13
       Potion            |       |     2 |     2 ||     4
 Stab: Sleeping          |     5 |    11 |     8 ||    24
       Paralysed         |       |       |     4 ||     4
  Eat: Ration            |       |     1 |     3 ||     4
Armor: Robe              |     1 |    17 |    45 ||    63
       Skin              |       |       |     9 ||     9
Dodge: Dodged            |    52 |   137 |   395 ||   584

Table legend:
 A = Non-vault XP
 B = Vault XP
 C = Vault XP percentage of total XP
 D = Non-vault monster count
 E = Vault monster count
 F = Vault count percentage of total count
                 A         B        C        D         E       F
            +---------+---------+-------+---------+---------+-------
      Total |    3442 |    1606 |  31.8 |     143 |      30 |  17.3
            +---------+---------+-------+---------+---------+-------
        D:1 |      30 |       0 |   0.0 |      17 |       0 |   0.0
        D:2 |     131 |      37 |  22.0 |      18 |       2 |  10.0
        D:3 |     111 |      13 |  10.5 |      32 |       6 |  15.8
        D:4 |     381 |       0 |   0.0 |      17 |       0 |   0.0
        D:5 |     703 |     553 |  44.0 |      18 |       8 |  30.8
        D:6 |    1142 |      43 |   3.6 |      21 |       1 |   4.5
        D:7 |     944 |     856 |  47.6 |      20 |       2 |   9.1
      Sewer |       0 |     104 | 100.0 |       0 |      11 | 100.0
            +---------+---------+-------+---------+---------+-------
